[gd_scene load_steps=9 format=2]

[ext_resource path="res://screens/travel/TravelScreen.gd" type="Script" id=1]
[ext_resource path="res://screens/travel/Graph.tscn" type="PackedScene" id=2]
[ext_resource path="res://ui/LargeUIFont.tres" type="DynamicFont" id=3]
[ext_resource path="res://ui/MediumUIFont.tres" type="DynamicFont" id=4]
[ext_resource path="res://sfx/engine_loop.wav" type="AudioStream" id=5]
[ext_resource path="res://screens/travel/Dashboard.svg" type="Texture" id=6]
[ext_resource path="res://props/PlayerShip.tscn" type="PackedScene" id=7]
[ext_resource path="res://props/Starfield.tscn" type="PackedScene" id=8]

[node name="TitleScreen" type="Node2D"]
script = ExtResource( 1 )

[node name="Starfield" parent="." instance=ExtResource( 8 )]

[node name="EncounterThing" type="Node2D" parent="."]
position = Vector2( 1900, 235 )

[node name="Graph" parent="." instance=ExtResource( 2 )]

[node name="TimeTicker" type="Timer" parent="."]
wait_time = 0.85

[node name="EngineAudioPlayer" type="AudioStreamPlayer" parent="."]
stream = ExtResource( 5 )
volume_db = -25.0

[node name="Tween" type="Tween" parent="."]

[node name="UpperDashboard" type="TextureRect" parent="."]
margin_right = 40.0
margin_bottom = 40.0
texture = ExtResource( 6 )
stretch_mode = 3
__meta__ = {
"_edit_lock_": true,
"_edit_use_anchors_": false
}

[node name="PlayerShip" parent="." instance=ExtResource( 7 )]
position = Vector2( 330, 235 )

[node name="GameOverLabel" type="Label" parent="."]
visible = false
margin_right = 1280.0
margin_bottom = 493.0
custom_fonts/font = ExtResource( 3 )
text = "Oh, no!"
align = 1
valign = 1
__meta__ = {
"_edit_lock_": true,
"_edit_use_anchors_": false
}

[node name="SuccessLabel" type="Label" parent="."]
visible = false
margin_right = 1280.0
margin_bottom = 493.0
custom_fonts/font = ExtResource( 3 )
text = "Oh, yes!"
align = 1
valign = 1
__meta__ = {
"_edit_lock_": true,
"_edit_use_anchors_": false
}

[node name="EncounterLabel" type="Label" parent="."]
visible = false
margin_left = 300.0
margin_right = 980.0
margin_bottom = 300.0
custom_fonts/font = ExtResource( 4 )
custom_colors/font_color_shadow = Color( 0.156863, 0.164706, 0.156863, 1 )
custom_constants/line_spacing = 6
custom_constants/shadow_as_outline = 1
text = "Something interesting..."
align = 1
valign = 1
__meta__ = {
"_edit_use_anchors_": false
}

[connection signal="timeout" from="TimeTicker" to="." method="_onTimerTickerTimeout"]
